 Dungeon Crawl Stone Soup version 0.31-a0-216-g22e908daa7 (webtiles) character file.

Game seed: 12650950949380725230

63 qw the Chopper (level 4, -2/28 HPs)
             Began as a Gargoyle Fighter on July 2, 2023.
             Slain by a goblin
             ... wielding a +0 club
             ... led by Robin
              (5 damage)
             ... on level 3 of the Dungeon.
             The game lasted 00:00:54 (1868 turns).

qw the Chopper (Gargoyle Fighter)                   Turns: 1868, Time: 00:00:55

Health: -2/28      AC: 10    Str: 21    XL:     4   Next: 10%
Magic:  4/4        EV:  9    Int:  9    God:
Gold:   93         SH:  4    Dex:  9    Spells: 3/3 levels left

rFire   . . .        Y - +0 war axe
rCold   . . .        c - +0 buckler
rNeg    + . .        b - +0 scale mail
rPois   inf          (no helmet)
rElec   +            (no cloak)
rCorr   .            (no gloves)
SInv    .            (no boots)
Will    .....        (no amulet) Stlth
                     (no ring)
HPRegen 0.24/turn    (no ring)
MPRegen 0.09/turn

%: no passive effects
@: no status effects
A: sickness immunity, AC +3, negative energy resistance 1, electricity
resistance, torment resistance 1, petrification resistance
a: no special abilities


You were on level 3 of the Dungeon.
You visited 1 branch of the dungeon, and saw 3 of its levels.

You collected 93 gold pieces.


Innate Abilities, Weirdness & Mutations

You are immune to sickness and miasma.
Your stone body is resilient. (AC +3)
You are immune to poison.
You resist negative energy. (rN+)
You are resistant to electric shocks. (rElec)
You are resistant to unholy torment.
You are immune to petrification.


   Skills:
 - Level 3.2 Fighting
 + Level 3.9 Axes
 - Level 3.2 Armour
 - Level 3.2 Shields


You had 3 spell levels left.
You didn't know any spells.
Your spell library was empty.

Inventory:

Hand Weapons
 f - a +0 whip
 Y - a +0 war axe (weapon)
Armour
 b - a +0 scale mail (worn)
 c - a +0 buckler (worn)
 g - a +0 pair of gloves
Potions
 a - a potion of degeneration {unknown}
 d - a potion of might
 e - a potion of heal wounds {unknown}
 h - 2 potions of brilliance {unknown}

Dungeon Overview and Level Annotations

Branches:
Dungeon (3/15)

Altars:
Makhleb
Nemelex Xobeh

Shops:
D:1 *   D:3 =

Annotations:
D:3 2 transporters


Message History

You hit Robin but do no damage.
Robin is heavily wounded.
You closely miss the goblin. Robin throws the goblin at you!
The goblin hits you but does no damage.
You barely miss Robin.
Robin is heavily wounded.
You hit the goblin. You slash the goblin!
You kill the goblin!
The goblin hits you but does no damage.
A goblin comes into view. It is wielding a +0 club.
You block Robin's attack.
You hit Robin.
Robin is severely wounded.
You closely miss the goblin. You barely miss the goblin.
You block the goblin's attack.
Robin says, "Kneel, worm!"
Robin throws the goblin at you! The goblin hits you with a +0 dagger.
A goblin comes into view. It is wielding a +0 club.
The goblin hits you with a +0 club. The goblin hits you with a +0 dagger.
The goblin hits you but does no damage. Robin throws the goblin at you!
You slash Robin!
You kill Robin!
You slash the goblin!
You kill the goblin!
You barely miss the goblin. You closely miss the goblin. You hit the goblin.
You barely miss the goblin.
The goblin hits you but does no damage. x3; The goblin hits you with a +0 club.
You have reached level 4!
You feel clever.
You closely miss the goblin.
The goblin is heavily wounded.
You miss the goblin. You barely miss the goblin. You closely miss the goblin.
The goblin hits you but does no damage. The goblin hits you with a +0 club.
The goblin barely misses you. The goblin hits you but does no damage.
You slash the goblin!
You kill the goblin!
You closely miss the goblin. You barely miss the goblin. x2
You hit the goblin.
You kill the goblin!
The goblin hits you but does no damage. The goblin hits you with a +0 club.
You die...

##+#####.######
#.#
...........##.###
###
##.###...........
.......)......#
..........##.##
#.#.#.#...## #
...#.#.#....#
.......))).## #
###.#.#@g.# #
#.#(#gg...... # #
# #........ #
......... #
.......... #
.#..###### #
.#..# .....#


You could see 3 goblins.

Vanquished Creatures
  Robin (D:3)
  An adder (D:2)
  3 dart slugs
  An orc (D:2)
  2 giant cockroaches (D:1)
  10 goblins
  3 hobgoblins
  2 quokkas
  3 ball pythons
  6 bats
  2 frilled lizards (D:2)
  3 kobolds
  3 rats
40 creatures vanquished.

Notes
Turn   | Place    | Note
-------+----------+-------------------------------------------
     0 | D:1      | qw the Gargoyle Fighter began the quest for the Orb.
     0 | D:1      | Reached XP level 1. HP: 14/14 MP: 1/1
     0 | D:1      | 0 ||| qw: Version: 0.3-a-39-g4513739
     0 | D:1      | 0 ||| qw: Game counter: 7876
     0 | D:1      | 0 ||| qw: Melee chars always use a shield: true
     0 | D:1      | 0 ||| qw: God list: Okawaru
     0 | D:1      | 0 ||| qw: Allow faded altars: false
     0 | D:1      | 0 ||| qw: Do Orc after clearing Dungeon:15 true
     0 | D:1      | 0 ||| qw: Do second Lair branch before Depths: true
     0 | D:1      | 0 ||| qw: Lair rune preference: random
     0 | D:1      | 0 ||| qw: Goals: Normal, Zot:1-4, Slime:5, God:TSO, Crypt,
                  | Tomb, Abyss, Pan, Hells, Win
     0 | D:1      | 0 ||| PLANNING D:1-11
    69 | D:1      | Reached XP level 2. HP: 15/19 MP: 2/2
   139 | D:1      | Found Huch's Assorted Antiques.
   172 | D:1      | 172 ||| SHOPLISTING 2 sapphire potions (41 gold, have 18).
   172 | D:1      | 172 ||| SHOPLISTING 2 scrolls labelled POITRIALUG (46 gold,
                  | have 18).
   172 | D:1      | 172 ||| SHOPLISTING bubbling pink potion (20 gold, have
                  | 18).
   172 | D:1      | 172 ||| SHOPLISTING chain mail (103 gold, have 18).
   172 | D:1      | 172 ||| SHOPLISTING grey potion (20 gold, have 18).
   172 | D:1      | 172 ||| SHOPLISTING scroll labelled IREVOD QUFREY (23 gold,
                  | have 18).
   172 | D:1      | 172 ||| SHOPLISTING scroll labelled SOM KOSTRAG (23 gold,
                  | have 18).
   485 | D:1      | 485 ||| READING scroll labelled IREVOD QUFREY.
   537 | D:2      | Reached skill level 3 in Axes
   724 | D:2      | Reached XP level 3. HP: 22/23 MP: 3/3
  1185 | D:2      | 1185 ||| Stepping ~*~*~tactically~*~*~ (stealth).
  1356 | D:2      | 1356 ||| DROPPING scarf of harm.
  1357 | D:2      | 1357 ||| READING scroll labelled ELEINI WEOSI.
  1358 | D:2      | 1358 ||| READING scroll labelled DEHONEFISEOM.
  1502 | D:3      | 1502 ||| Stepping ~*~*~tactically~*~*~ (hiding).
  1597 | D:3      | Found a transporter.
  1632 | D:3      | Found a sparkling altar of Nemelex Xobeh.
  1653 | D:3      | Found Fyur Xya's Jewellery Shoppe.
  1655 | D:3      | Found a transporter.
  1815 | D:3      | Found a burning altar of Makhleb.
  1816 | D:3      | 1816 ||| Stepping ~*~*~tactically~*~*~ (stealth).
  1820 | D:3      | 1820 ||| Stepping ~*~*~tactically~*~*~ (stealth).
  1855 | D:3      | Noticed Robin
  1856 | D:3      | 1856 ||| Stepping ~*~*~tactically~*~*~ (hiding).
  1866 | D:3      | Killed Robin
  1866 | D:3      | HP: 4/23 [goblin/+0 club[Robin] (5)]
  1867 | D:3      | Reached XP level 4. HP: 6/28 MP: 4/4
  1868 | D:3      | Slain by a goblin

Levels and vault maps discovered:
D:1:      roderic_dead_forest, layout_rooms, serial_shops, shop
D:2:      layout_basic, chequers_mini_garden
D:3:      layout_basic, nemelex_spade_bored_becter,
          nicolae_overflow_crystal_walls, mainiacjoe_overflow_brackets,
          serial_shops, nicolae_shop_drivethru, minmay_door_square,
          minmay_hedge_maze, uniq_crazy_yiuf_cottage, uniq_robin, uniq_jessica

Skill      XL: |  1  2 |
---------------+-------+-----
Axes           | 2 3 |  3.9
Fighting       | |  3.2
Armour         | |  3.2
Shields        | |  3.2

Action                     |  1- 3 |  4- 6 || total
---------------------------+-------+-------++-------
  Melee: War axe           |   132 |     2 ||   134
    Use: Scroll            |     3 |       ||     3
 Armour: Scale mail        |    75 |     3 ||    78
  Dodge: Dodged            |    69 |     1 ||    70
  Block: Buckler           |    22 |       ||    22

Table legend:
 A = Non-vault XP
 B = Vault XP
 C = Vault XP percentage of total XP
 D = Non-vault monster count
 E = Vault monster count
 F = Vault count percentage of total count
                 A         B        C        D         E       F
            +---------+---------+-------+---------+---------+-------
      Total |      62 |      33 |  34.7 |      30 |      10 |  25.0
            +---------+---------+-------+---------+---------+-------
        D:1 |      26 |       0 |   0.0 |      14 |       0 |   0.0
        D:2 |      31 |       0 |   0.0 |      14 |       0 |   0.0
        D:3 |       5 |      33 |  86.8 |       2 |      10 |  83.3
            +---------+---------+-------+---------+---------+-------
